 Dungeon Crawl Stone Soup version 0.31-a0-981-geadf994542 (webtiles) character file.

Game seed: 1205872637182161369

1423 croobank the Ducker (level 8, -15/37 HPs)
             Began as a Felid Fighter on Nov 1, 2023.
             Killed from afar by a steam dragon (24 damage)
             ... with a ball of steam
             ... on level 8 of the Dungeon.
             The game lasted 00:17:20 (6001 turns).

croobank the Ducker (Felid Fighter)                 Turns: 6001, Time: 00:17:20

Health: -15/37     AC:  2    Str: 14    XL:     8   Next: 44%
Magic:  12/12      EV: 21    Int:  9    God:
Gold:   28         SH:  0    Dex: 16    Spells: 7/12 levels left
                                        Lives:  0   Deaths: 3

rFire   . .          .
                       - Unarmed
rCold   . . .        (shield unavailable)
rNeg    . . .        (body armour unavailable)
rPois   .            (helmet unavailable)
rElec   .            (cloak unavailable)
rCorr   +            (gloves unavailable)
SInv    +            (boots unavailable)
Will    +....        (no amulet)
Stlth   +++          h - ring of wizardry
HPRegen 0.26/turn    k - ring of resist corrosion
MPRegen 0.13/turn

%: wizardry (x1)
@: beast-form, quick
A: beast (slay +0), very small, claws 1, fangs 3, see invisible, speed 1, shaggy
fur 2, stealthy paws, no weapons or thrown items, no armour, multi-lived
a: Begin Untransformation


You were on level 8 of the Dungeon.
You were a hulking beast.
You visited 1 branch of the dungeon, and saw 8 of its levels.

You collected 523 gold pieces.
You spent 495 gold pieces at shops.

Inventory:

Jewellery
 c - a ring of flight
 h - a ring of wizardry (left paw)
 j - a ring of fire
 k - a ring of resist corrosion (right paw)
Wands
 f - a wand of flame (4)
 l - a wand of digging (5)
Scrolls
 d - 4 scrolls of identify
 g - a scroll of fear {unknown}
 q - a scroll of revelation
Potions
 a - a potion of cancellation
 b - a potion of resistance
 e - a potion of mutation
 i - a potion of ambrosia {unknown}
 m - a potion of enlightenment
 n - a potion of curing
 r - a potion of brilliance


   Skills:
 + Level 5.5 Fighting
 + Level 7.2 Dodging
 + Level 6.0 Stealth
 + Level 6.1 Unarmed Combat
 + Level 2.6 Spellcasting
 + Level 2.8 Translocations
 + Level 2.6 Air Magic


You had 7 spell levels left.
You knew the following spells:

 Your Spells              Type           Power      Damage    Failure   Level
a - Swiftness             Air            5%         N/A       13%         3
b - Blink                 Tloc           12%        N/A       6%          2

Your spell library contained the following spells:

 Spells                   Type           Power      Damage    Failure   Level
 Shock                    Conj/Air       12%        1d3       8%          1
 Static Discharge         Conj/Air       6%         3-4/arc   12%         2
 Stone Arrow              Conj/Erth      2%         3d7       34%         3
 Airstrike                Air            2%         2d(1-17)  38%         4
 Summon Lightning Spire   Summ/Air       3%         N/A       56%         4
 Fulminant Prism          Conj/Hex       0%         3d5       75%         4
 Summon Forest            Summ/Tloc      1%         N/A       86%         5
 Starburst                Conj/Fire      0%         6d3       100%        6


Dungeon Overview and Level Annotations

Branches:
Dungeon (8/15)             Temple (0/1) D:4
   Lair: D:8-11

Altars:
Ashenzari
Cheibriados
Dithmenos
Elyvilon
Gozag
Kikubaaqudgha
Makhleb
Ru
Trog
Vehumet
Wu Jian
Xom
Zin

Shops:
D:5 *   D:6 ***?

Annotations:
D:7 Joseph, Menkaure


Innate Abilities, Weirdness & Mutations

You are a hulking beast.
Your limbs bulge with bestial killing power. (Slay +0)
You have sharp claws.
You have razor-sharp teeth.
You have supernaturally acute eyesight. (SInv)
You cover ground quickly. (Speed+)
You are covered in thick fur. (AC +2)
Your paws help you pounce on unaware monsters.
You are incapable of wielding weapons or throwing items.
You cannot wear armour.
You gain extra lives every three experience levels.


Message History

Menkaure, Prince of Dust comes into view.
Found 5 stones.
Menkaure shouts!
You hear an angry hiss.
Menkaure mumbles some strange words.
Menkaure seems to speed up.
A water moccasin and an orc come into view.
The water moccasin hisses angrily.
The orc shouts!
You see here a yellow potion.
i - a yellow potion Menkaure gestures at you while chanting.
You resist with significant effort.
Menkaure calls on the powers of darkness!
The water moccasin convulses!
The orc convulses!
Your body is wracked with pain!
Menkaure blazes with dark energy!
You see here a +0 scale mail.
Menkaure grins.
Menkaure calls on the powers of darkness!
The water moccasin convulses!
Your body is wracked with pain!
There is a stone staircase leading down here.
Aiming: Iceblast
Press: ? - help, Shift-Dir - straight line, f - water moccasin
Aim: a water moccasin (severely wounded)
The mass of ice explodes!
The iceblast engulfs the water moccasin!
You kill the water moccasin!
The now-empty wand crumbles to dust.
Menkaure calls on the powers of darkness!
The orc convulses!
Your body is wracked with pain!
* * * LOW HITPOINT WARNING * * *
You climb downwards.
Found a war axe.
Found a stone staircase leading up.
There is a stone staircase leading up here.
The helpless steam dragon fails to defend itself.
You mangle the steam dragon!!
The steam dragon is severely wounded.
The steam dragon breathes steam at you. The ball of steam hits you!!
Ouch! That really hurt!
You die...

. ###### ..#
#Dh<.###...#
#.....)....#
#...<.......
#.....####.#
####..# #.##
#.# ..# ###


You could see a steam dragon (catching breath).

Vanquished Creatures
  A water moccasin (D:7)
  Duvessa (D:4)
  2 black bears
  2 ice beasts (D:6)
  A phantom (D:6)
  2 bullfrogs (D:7)
  A scorpion (D:7)
  Dowan (D:4)
  A hound (D:6)
  An orc priest (D:5)
  3 jellies
  2 sleepcaps
  7 iguanas
  3 orc wizards (D:5)
  4 adders
  2 worms
  5 dart slugs
  An orc (D:5)
  4 ball pythons
  14 bats
  9 endoplasms
  14 giant cockroaches
  7 goblins
  7 hobgoblins
  2 jackals (D:2)
  2 quokkas
  A frilled lizard (D:1)
  4 kobolds
  A rat (D:1)
105 creatures vanquished.

Vanquished Creatures (collateral kills)
  An iguana (D:5)
1 creature vanquished.

Grand Total: 106 creatures vanquished

Notes
Turn   | Place    | Note
-------+----------+-------------------------------------------
     0 | D:1      | croobank the Felid Fighter began the quest for the Orb.
     0 | D:1      | Reached XP level 1. HP: 10/10 MP: 2/2
   229 | D:1      | Reached XP level 2. HP: 14/14 MP: 3/3
   835 | D:2      | Reached skill level 1 in Stealth
   835 | D:2      | Reached XP level 3. HP: 17/17 MP: 4/4
  1506 | D:2      | Reached XP level 4. HP: 16/21 MP: 5/5
  1564 | D:2      | HP: 1/22 [adder (1)]
  1564 | D:2      | Slain by a worm
  2170 | D:3      | Reached skill level 5 in Dodging
  2575 | D:4      | Found a staircase to the Ecumenical Temple.
  2610 | D:4      | Reached XP level 5. HP: 25/25 MP: 6/6
  3041 | D:4      | Noticed Dowan
  3041 | D:4      | Noticed Duvessa
  3056 | D:4      | Killed Duvessa
  3057 | D:4      | Reached skill level 5 in Unarmed Combat
  3057 | D:4      | Gained mutation: You are covered in thick fur. (AC +2)
                  | [Felid growth]
  3057 | D:4      | Reached XP level 6. HP: 20/28 MP: 7/7
  3058 | D:4      | Killed Dowan
  3205 | D:4      | Learned a level 3 spell: Swiftness
  3472 | D:5      | Entered Level 5 of the Dungeon
  3661 | D:5      | Reached skill level 6 in Dodging
  3828 | D:5      | Found a white marble altar of Elyvilon.
  3837 | D:5      | Found a shimmering altar of Xom.
  3842 | D:5      | Found an ornate altar of the Wu Jian Council.
  3848 | D:5      | Found a broken altar of Ashenzari.
  3849 | D:5      | Found an ancient bone altar of Kikubaaqudgha.
  3849 | D:5      | Found an opulent altar of Gozag.
  3849 | D:5      | Found a shadowy altar of Dithmenos.
  3849 | D:5      | Found a glowing silver altar of Zin.
  3849 | D:5      | Found a bloodstained altar of Trog.
  3851 | D:5      | Found a sacrificial altar of Ru.
  3852 | D:5      | Found a snail-covered altar of Cheibriados.
  3853 | D:5      | Found a burning altar of Makhleb.
  3854 | D:5      | Found a radiant altar of Vehumet.
  3885 | D:5      | Identified the +1 leather armour of Vudinwi {*Corrode rF+
                  | Will+ Str+3}
  3905 | D:5      | Reached skill level 1 in Spellcasting
  3905 | D:5      | Reached skill level 1 in Air Magic
  3913 | D:5      | Reached XP level 7. HP: 31/33 MP: 9/9
  4042 | D:5      | Slain by a sleepcap
  4518 | D:5      | Reached skill level 5 in Stealth
  4700 | D:5      | Found Zuqyogub's Assorted Antiques.
  4708 | D:5      | Bought a scroll of identify for 52 gold pieces
  4708 | D:5      | Bought a wand of iceblast (2) for 124 gold pieces
  4708 | D:5      | Bought a glowing sapphire ring for 130 gold pieces
  4739 | D:6      | Identified the "Hiapt"
  4807 | D:6      | Reached skill level 5 in Fighting
  4865 | D:6      | Learned a level 2 spell: Blink
  5039 | D:6      | Found Zieris's Mayhem Merchandise.
  5050 | D:6      | Reached skill level 1 in Translocations
  5050 | D:6      | Reached XP level 8. HP: 22/37 MP: 12/12
  5120 | D:6      | Found Ashreite's Magic Scroll Boutique.
  5125 | D:6      | Bought a scroll of revelation for 105 gold pieces
  5125 | D:6      | Bought a scroll of identify for 28 gold pieces
  5125 | D:6      | Bought a scroll of identify for 28 gold pieces
  5125 | D:6      | Bought a scroll of identify for 28 gold pieces
  5439 | D:6      | Found Tenkiak's Specific Store.
  5441 | D:6      | Found Sukull's General Store.
  5507 | D:6      | Reached skill level 7 in Dodging
  5797 | D:7      | Noticed Joseph
  5843 | D:7      | Shot with a sling bullet by Joseph
  5981 | D:7      | Noticed Menkaure
  6001 | D:8      | Killed from afar by a steam dragon

Illustrated notes

Levels and vault maps discovered:
D:1:      pf_arrival_petrified_forest, layout_basic, minmay_tromino_v2
D:2:      minmay_skewed_foursquare, layout_basic
D:3:      minmay_roachtagon, layout_basic
D:4:      layout_cave_pools, minmay_temple_entry_mini_moons, roderic_batcave,
          uniq_duvessa
D:5:      layout_basic, minitemple, serial_shops, shop
D:6:      layout_rooms, serial_shops, shop, minmay_shop_mayhem,
          nicolae_specific_store
D:7:      layout_basic, lemuel_doored_altar, kb_lookout_dungeons_type,
          nicolae_shop_gadgets, uniq_joseph, uniq_menkaure,
          uniq_crazy_yiuf_cottage, uniq_prince_ribbit1
D:8:      layout_rooms, st_stairs_12

Skill      XL: |  1  2  3  4  5  6  7  8 |
---------------+-------------------------+-----
Stealth        | 1 2 3 4 5 6 |  6.0
Dodging        | 5 6 7 |  7.2
Fighting       | 4 5 |  5.5
Unarmed Combat | 5 6 |  6.1
Spellcasting   | 1 2 |  2.6
Air Magic      | 1 2 |  2.6
Translocations | 1 2 |  2.8

Action                     |  1- 3 |  4- 6 |  7- 9 || total
---------------------------+-------+-------+-------++-------
  Melee: Unarmed           |    73 |   135 |    93 ||   301
         Bite              |     6 |    13 |     9 ||    28
         Punch             |     2 |     7 |     5 ||    14
   Cast: Swiftness         |       |       |     1 ||     1
  Evoke: Wand              |       |    13 |    15 ||    28
    Use: Scroll            |       |    11 |     8 ||    19
         Potion            |       |     5 |     2 ||     7
   Stab: Sleeping          |     3 |     2 |     2 ||     7
         Distracted        |     1 |       |       ||     1
 Armour: Skin              |    13 |    37 |    43 ||    93
  Dodge: Dodged            |    50 |   126 |    70 ||   246
   Form: Beast             |       |     1 |       ||     1

Table legend: (Time is in decaauts)
 A = Elapsed time spent in this place.
 B = Non-inter-level travel time spent in this place.
 C = Inter-level travel time spent in this place.
 D = Time resting spent in this place.
 E = Time spent auto-exploring this place.
 F = Levels seen in this place.
 G = Mean time per level.
                   A        B        C        D        E       F      G
               +--------+--------+--------+--------+--------+-----+--------+
         Total |   5322 |   5222 |    100 |   1870 |   2461 |   8 |  665.2 |
       Dungeon |   5322 |   5222 |    100 |   1870 |   2461 |   8 |  665.2 |
               +--------+--------+--------+--------+--------+-----+--------+

Top non-repeatable levels by time:
     D:4: 1166 daAuts
     D:5: 1094 daAuts
     D:6: 774 daAuts
     D:2: 720 daAuts
     D:1: 690 daAuts
     D:3: 553 daAuts
     D:7: 320 daAuts
     D:8: 2 daAuts
